 Dungeon Crawl Stone Soup version 0.30-a0-1016-gfb0d676c02 (webtiles) character file.

Game seed: 6778800670415107301

716 vishdafish the Conjurer (level 7, -10/46 HPs)
             Began as a Demonspawn Conjurer on Apr 6, 2023.
             Was a Follower of Vehumet.
             Shot with an arrow by a centaur (11 damage)
             ... on level 5 of the Dungeon.
             The game lasted 00:05:44 (4840 turns).

vishdafish the Conjurer (Demonspawn Conjurer)       Turns: 4840, Time: 00:05:45

Health: -10/46     AC:  4    Str:  7    XL:     7   Next: 41%
Magic:  3/15       EV: 12    Int: 22    God:    Vehumet [*.....]
Gold:   299        SH:  6    Dex: 11    Spells: 7/16 levels left

rFire   . . .      SeeInvis .    c - +2 short sword (vamp)
rCold   . . .      Faith    .    (no shield)
rNeg    . . .      Spirit   .    a - +0 robe
rPois   .          Reflect  .    k - +0 helmet
rElec   .          Rampage  .    h - +0 cloak
rCorr   .                        (no gloves)
Will    .....                    (no boots)
Stlth   ++                       (no amulet)
HPRegen 0.27/turn                d - ring of wizardry
MPRegen 0.14/turn                (no ring)

@: very slightly contaminated
A: large bone plates 2, powered by death 3, demonic magic 1
a: Renounce Religion


You were on level 5 of the Dungeon.
You worshipped Vehumet.
Vehumet was aware of your devotion.
You visited 2 branches of the dungeon, and saw 6 of its levels.

You collected 299 gold pieces.

Inventory:

Hand Weapons
 c - a +2 vampiric short sword (weapon)
Missiles
 r - a throwing net
Armour
 a - a +0 robe (worn)
 h - a +0 cloak (worn)
 k - a +0 helmet (worn)
Jewellery
 d - a ring of wizardry (left hand)
Wands
 u - a wand of flame (28)
Scrolls
 f - a scroll of silence {unknown}
 g - 2 scrolls of amnesia
 i - a scroll of blinking
 m - a scroll of enchant armour
 n - a scroll of brand weapon
 p - 2 scrolls of noise
 s - 2 scrolls of poison {unknown}
 v - 4 scrolls of identify
 w - a scroll of teleportation {unknown}
 y - 3 scrolls of fog {unknown}
Potions
 b - a potion of magic
 e - a potion of cancellation {unknown}
 j - 2 potions of heal wounds
 l - 2 potions of haste {unknown}
 o - 2 potions of degeneration {unknown}
 q - a potion of curing {unknown}
 t - a potion of lignification {unknown}
 x - a potion of invisibility {unknown}


   Skills:
 - Level 1.7 Dodging
 - Level 1.7 Stealth
 + Level 5.4 Spellcasting
 - Level 6.4 Conjurations
 + Level 2.1 Hexes
 + Level 1.8 Translocations


You had 7 spell levels left.
You knew the following spells:

 Your Spells              Type           Power      Damage    Failure   Level
a - Magic Dart            Conj           100%       1d8       1%          1
b - Fulminant Prism       Conj/Hex       12%        3d8       7%          4
c - Iskenderun's Mystic   Conj/Tloc      24%        2d7       8%          4

Your spell library contained the following spells:

 Spells                   Type           Power      Damage    Failure   Level
 Freeze                   Ice            20%        1d4       4%          1
 Searing Ray              Conj           68%        2d6       1%          2
 Dazzling Flash           Conj/Hex       48%        N/A       1%          3
 Tukima's Dance           Hex            15%        N/A       4%          3
 Portal Projectile        Hex/Tloc       28%        N/A       5%          3
 Sublimation of Blood     Necr           5%         N/A       6%          2
 Wereblood                Tmut           5%         N/A       6%          2
 Cause Fear               Hex            7%         N/A       16%         4
 Anguish                  Hex/Necr       5%         N/A       26%         4
 Blade Hands              Tmut           2%         N/A       69%         5
 Enfeeble                 Hex            7%         N/A       100%        7
 Summon Hydra             Summ           2%         N/A       100%        7
 Borgnjor's Revivificati  Necr           2%         N/A       100%        8
 Necromutation            Tmut/Necr      2%         N/A       100%        8
 Death's Door             Necr           2%         N/A       100%        9


Dungeon Overview and Level Annotations

Branches:
Dungeon (5/15)             Temple (1/1) D:4

Altars:
Cheibriados
Dithmenos
Hepliaklqana
Kikubaaqudgha
Makhleb
Nemelex Xobeh
Sif Muna
Trog
Vehumet
Yredelemnul

Annotations:
D:2 1 runed translucent door, Crazy Yiuf


Innate Abilities, Weirdness & Mutations

You are mostly covered in large bone plates. (SH +6)
You regenerate a lot of health from kills.
Spells you cast may paralyse adjacent enemies.


Message History

Malevolent energies surge around you.
The magic dart hits the centaur.
The centaur is almost dead.
Malevolent energies surge around you.
The centaur shoots an arrow.
The arrow hits you!
The centaur shoots an arrow.
The arrow hits you!
You are too injured to fight recklessly!
You are too injured to fight recklessly!
You are too injured to fight recklessly!
Aiming: Magic Dart (safe; 1% risk of failure)
Press: ? - help, Q - select action, (/) - cycle Shift-Dir - straight line, f/p - centaur
Aim: a centaur, wielding a +0 shortbow (almost dead, 100% to hit)
The magic dart hits the centaur but does no damage.
The centaur is almost dead.
Malevolent energies surge around you.
The centaur shoots an arrow.
You block the arrow.
Aiming: Magic Dart (safe; 1% risk of failure)
Press: ? - help, Q - select action, (/) - cycle Shift-Dir - straight line, f/p - centaur
Aim: a centaur, wielding a +0 shortbow (almost dead, 100% to hit)
The magic dart hits the centaur.
The centaur is almost dead.
Malevolent energies surge around you.
The centaur shoots an arrow.
The arrow hits you!
* * * LOW HITPOINT WARNING * * *
The centaur shoots an arrow.
The arrow barely misses you.
Aiming: Magic Dart (safe; 1% risk of failure)
Press: ? - help, Q - select action, (/) - cycle Shift-Dir - straight line, f/p - centaur
Aim: a centaur, wielding a +0 shortbow (almost dead, 100% to hit)
You miscast Magic Dart.
You are very lightly contaminated with residual magic.
Nothing appears to happen.
Aiming: Magic Dart (safe; 1% risk of failure)
Press: ? - help, Q - select action, (/) - cycle Shift-Dir - straight line, f/p - centaur
Aim: a centaur, wielding a +0 shortbow (almost dead, 100% to hit)
The magic dart hits the centaur.
The centaur is almost dead.
Malevolent energies surge around you.
The centaur shoots an arrow.
The arrow hits you!
* * * LOW HITPOINT WARNING * * *
The centaur shoots an arrow.
The arrow hits you!
You die...

...............>#.#
##########..####.#.#.#
.....# #.#...#.#.#.#####
.....#####.#.#.#.#.#.....#
.........>.....#.#<#####.#
###+#..#####.###.#.# #.#
#...## .# #.#.# #.#
###..## .# #.#.# #.#
.....# .# #@#.# #.# ###.##
#.#.# #.# #.# #$#.# #.#
#.# #.#.# #.# ..# #c#.#
#.# ### #.#.# #.# #.#.#
#.# ..#.# #.# #.# #.#


You could see a centaur.

Vanquished Creatures
  A black bear (D:5)
  An ogre (D:4)
  A phantom (D:4)
  A scorpion (D:4)
  2 hounds
  An orc priest (D:4)
  Natasha (twice) (D:2)
  An iguana (D:5)
  3 orc wizards (D:4)
  Robin (D:4)
  3 gnolls (D:2)
  3 adders
  3 worms
  9 orcs
  6 ball pythons
  3 bats
  4 endoplasms
  A giant cockroach (D:4)
  11 goblins
  7 hobgoblins
  11 jackals
  5 quokkas
  A frilled lizard (D:1)
  9 kobolds
  7 rats
97 creatures vanquished.

Notes
Turn   | Place    | Note
-------+----------+-------------------------------------------
     0 | D:1      | vishdafish the Demonspawn Conjurer began the quest for the
                  | Orb.
     0 | D:1      | Reached XP level 1. HP: 13/13 MP: 3/3
   136 | D:1      | Gained mutation: You are partially covered in large bone
                  | plates. (SH +4) [demonic ancestry]
   136 | D:1      | Reached XP level 2. HP: 9/19 MP: 1/5
  1105 | D:2      | Gained mutation: You regenerate a little health from kills.
                  | [demonic ancestry]
  1105 | D:2      | Reached XP level 3. HP: 24/24 MP: 7/7
  1190 | D:2      | HP: 1/24 [gnoll/+0 whip (7)]
  1365 | D:2      | Gained mutation: Spells you cast may paralyse adjacent
                  | enemies. [demonic ancestry]
  1365 | D:2      | Reached XP level 4. HP: 30/30 MP: 4/8
  1475 | D:2      | Noticed Natasha
  1479 | D:2      | Killed Natasha
  1480 | D:2      | Reached skill level 5 in Conjurations
  1678 | D:2      | Noticed Natasha
  1682 | D:2      | Killed Natasha
  2082 | D:2      | Found a runed translucent door.
  2083 | D:2      | Noticed Crazy Yiuf
  2182 | D:3      | Learned a level 4 spell: Fulminant Prism
  2187 | D:3      | Learned a level 4 spell: Iskenderun's Mystic Blast
  2585 | D:3      | Gained mutation: You regenerate health from kills. [demonic
                  | ancestry]
  2585 | D:3      | Reached XP level 5. HP: 35/35 MP: 4/10
  2870 | D:4      | Found a staircase to the Ecumenical Temple.
  2878 | Temple   | Entered the Ecumenical Temple
  2982 | Temple   | Became a worshipper of Vehumet
  3296 | D:4      | Noticed an ogre
  3304 | D:4      | Killed an ogre
  3305 | D:4      | Reached skill level 6 in Conjurations
  3305 | D:4      | Gained mutation: You are mostly covered in large bone
                  | plates. (SH +6) [demonic ancestry]
  3305 | D:4      | Reached XP level 6. HP: 30/41 MP: 5/12
  3753 | D:4      | Noticed Robin
  3764 | D:4      | Killed Robin
  3772 | D:4      | Reached * piety under Vehumet
  3772 | D:4      | Offered knowledge of Freeze by Vehumet.
  3941 | D:4      | Reached skill level 5 in Spellcasting
  4028 | D:4      | Reached skill level 1 in Hexes
  4028 | D:4      | Gained mutation: You regenerate a lot of health from kills.
                  | [demonic ancestry]
  4028 | D:4      | Reached XP level 7. HP: 46/46 MP: 3/14
  4044 | D:4      | Reached skill level 1 in Translocations
  4283 | D:4      | Found a snail-covered altar of Cheibriados.
  4391 | D:5      | Entered Level 5 of the Dungeon
  4840 | D:5      | HP: 1/46 [centaur/arrow (11)]
  4840 | D:5      | Shot with an arrow by a centaur

Illustrated notes

Levels and vault maps discovered:
D:1:      psy_arrival_basics, layout_loops_cross, minmay_misc_feat_x,
          minmay_misc_feat_chi
D:2:      minmay_door_path, layout_loops_ring, chequers_serial_rivers_room_a,
          uniq_crazy_yiuf_cottage, uniq_natasha
D:3:      layout_basic
D:4:      layout_loops_ring, cheibrodos_worm_habitat,
          minmay_temple_entry_drinking_statues, uniq_robin
D:5:      layout_basic, fedhas_altar_4, eat_drink_and_be_merry_uskayaw,
          okawaru_ov_weapons_minmay, patterned_corridor, uniq_sigmund
Temple:   regret_index_temple_sphere_string

Skill      XL: |  1  2  3  4  5  6  7 |
---------------+----------------------+-----
Spellcasting   | 3 4 5 |  5.4
Conjurations   | 5 6 |  6.4
Hexes          | 1 2 |  2.1
Translocations | 1 |  1.8
Dodging        | |  1.7
Stealth        | |  1.7

Action                     |  1- 3 |  4- 6 |  7- 9 || total
---------------------------+-------+-------+-------++-------
  Melee: Short sword       |    95 |    51 |    15 ||   161
         Punch             |     2 |       |       ||     2
   Cast: Magic Dart        |    31 |   129 |    51 ||   211
    Use: Scroll            |       |     5 |       ||     5
         Potion            |       |     1 |       ||     1
   Stab: Sleeping          |     3 |       |       ||     3
         Paralysed         |       |     1 |       ||     1
 Armour: Robe              |    12 |    17 |     2 ||    31
  Dodge: Dodged            |    53 |    32 |    12 ||    97
  Block: Other             |    13 |    18 |     9 ||    40

Table legend: (Time is in decaauts)
 A = Elapsed time spent in this place.
 B = Non-inter-level travel time spent in this place.
 C = Inter-level travel time spent in this place.
 D = Time resting spent in this place.
 E = Time spent auto-exploring this place.
 F = Levels seen in this place.
 G = Mean time per level.
                   A        B        C        D        E       F      G
               +--------+--------+--------+--------+--------+-----+--------+
         Total |   4848 |   4662 |    186 |      0 |   3957 |   6 |  808.0 |
       Dungeon |   4718 |   4558 |    160 |      0 |   3892 |   5 |  943.6 |
        Temple |    129 |    104 |     25 |      0 |     65 |   1 |  129.0 |
               +--------+--------+--------+--------+--------+-----+--------+

Top non-repeatable levels by time:
     D:4: 1401 daAuts
     D:2: 1146 daAuts
     D:1: 1028 daAuts
     D:3: 693 daAuts
     D:5: 448 daAuts
  Temple: 129 daAuts
